 Dungeon Crawl Stone Soup version 0.17-a0-1731-g129c023 (webtiles) character file.

118 Baka the Conjurer (level 4, -6/24 HPs)
             Began as a Deep Elf Conjurer on Aug 29, 2015.
             Killed by divine providence
             ... invoked by an orc priest
              (11 damage)
             ... on level 4 of the Dungeon.
             The game lasted 00:06:04 (2255 turns).

Baka the Conjurer (Deep Elf Conjurer)               Turns: 2255, Time: 00:06:04

Health: -6/24      AC:  5    Str:  5    XL:     4   Next: 72%
Magic:  2/10       EV: 13    Int: 21    God:
Gold:   231        SH:  0    Dex: 15    Spells: 2 memorised, 4 levels left

rFire  . . .     SeeInvis .     h - +1 dagger (venom)
rCold  . . .     Clarity  .     a - +0 robe
rNeg   . . .     SustAt   .     (no shield)
rPois  .         Gourm    .     (no helmet)
rElec  .         Spirit   .     (no cloak)
rCorr  .         Warding  .     n - +2 pair of gloves
rMut   .         Stasis   .     (no boots)
MR     .....                    l - amulet of regeneration
Stlth  ++........               (no ring)
                                (no ring)

@: very slightly contaminated, not resistant to hostile enchantments, unstealthy
A: no striking features
a: no special abilities


You were on level 4 of the Dungeon.
You were not hungry.

You visited 1 branch of the dungeon, and saw 4 of its levels.

You collected 231 gold pieces.

Inventory:

Hand weapons
 h - a +1 dagger of venom (weapon)
Armour
 a - a +0 robe (worn)
 n - a +2 pair of gloves (worn)
Jewellery
 l - an amulet of regeneration (around neck)
 m - an uncursed amulet of stasis
Scrolls
 d - 4 scrolls of random uselessness {unknown}
 f - 2 scrolls of teleportation {unknown}
 g - a scroll of enchant weapon {unknown}
 i - 6 scrolls of identify {unknown}
 j - 3 scrolls of remove curse {unknown}
 p - a scroll of enchant armour {unknown}
 q - 4 scrolls of magic mapping {unknown}
 s - 2 scrolls of noise {unknown}
 t - 2 scrolls of amnesia {unknown}
Potions
 e - a potion of curing {unknown}
 k - a potion of berserk rage {unknown}
 o - a potion of lignification {unknown}
 r - a potion of degeneration {unknown}
 u - a potion of flight {unknown}
Books
 b - a book of Conjurations

   Spells                             Type                      Level
   a - Magic Dart                     Conjuration                  1
   b - Searing Ray                    Conjuration                  2
   c - Dazzling Spray                 Conjuration/Hexes            3
   d - Fulminant Prism                Conjuration/Hexes            4
   e - Iskenderun's Mystic Blast      Conjuration                  4
   f - Iskenderun's Battlesphere      Conjuration/Charms           5
Comestibles
 c - 3 bread rations


   Skills:
 - Level 2.4 Dodging
 - Level 2.4 Stealth
 - Level 3.0 Spellcasting
 + Level 6.7 Conjurations


You had 4 spell levels left.
You knew the following spells:

 Your Spells              Type           Power        Failure   Level  Hunger
a - Magic Dart            Conj           ####         1%          1    None
b - Iskenderun's Mystic   Conj           ####....     10%         4    ####...


Dungeon Overview and Level Annotations

Branches:
Dungeon (4/15)
 Temple: D:4-7

Altars:
Ashenzari
Okawaru
Zin


Message History

An orc priest comes into view.
Casting: Iskenderun's Mystic Blast
Confirm with . or Enter, or press ? or * to list all spells.
Aiming: Iskenderun's Mystic Blast
Press: ? - help, Shift-Dir - straight line The orb of energy explodes!
The orc priest shouts!
The orc priest invokes the aid of Beogh against you.
Something smites you!
Ouch! That really hurt!
* * * LOW HITPOINT WARNING * * *
Casting: Iskenderun's Mystic Blast
Confirm with . or Enter, or press ? or * to list all spells.
You don't have enough magic to cast that spell.
The orc priest calls down the wrath of Beogh upon you.
Pain shoots through your body!
* * * LOW HITPOINT WARNING * * *
The orc priest calls down the wrath of Beogh upon you.
Something smites you!
You die...

# ### #.. ###.#
#....#######...#
+....oo..@..>..###
#..oo#######.#...#
#.. #.....#
.#######
#####.#.### ...
..# #.....#.#
..###.## #.###.#.#
#......# #.# #.#.#
.......#
######'###.#.#
.......#
#........#.#.#


You could see 3 orc priests and an orc wizard.

Vanquished Creatures
  An orc priest (D:3)
  2 adders (D:2)
  An ooze (D:2)
  2 worms (D:2)
  2 giant geckos (D:2)
  5 orcs (D:3)
  3 giant cockroaches
  5 hobgoblins
  A jackal (D:1)
  7 bats
  4 giant newts
  7 goblins
  10 kobolds
  7 rats
57 creatures vanquished.

Notes
Turn   | Place    | Note
--------------------------------------------------------------
     0 | D:1      | Baka the Deep Elf Conjurer began the quest for the Orb.
     0 | D:1      | Reached XP level 1. HP: 10/10 MP: 6/6
   172 | D:1      | Reached XP level 2. HP: 15/15 MP: 4/8
   221 | D:1      | Reached skill level 5 in Conjurations
   586 | D:2      | Reached XP level 3. HP: 19/19 MP: 1/9
   970 | D:2      | Reached skill level 6 in Conjurations
  1113 | D:2      | Reached XP level 4. HP: 24/24 MP: 0/10
  1351 | D:2      | Found a glowing silver altar of Zin.
  1587 | D:3      | Learned a level 4 spell: Iskenderun's Mystic Blast
  1636 | D:3      | Found a shattered altar of Ashenzari.
  1636 | D:3      | Found an iron altar of Okawaru.
  2255 | D:4      | Killed from afar by an orc priest

Vault maps used:
D:1:      minmay_arrival_semitransparent, kennysheep_another_room, minmay_cupped
D:2:      zin_treasury
D:3:      gammafunk_temple_overflow_pools, first_bread
D:4:      minmay_temple_entry_nine_rooms, serial_shops, kennysheep_little_box,
          uniq_menkaure

Action                   |  1- 3 |  4- 6 || total
-------------------------+-------+-------++-------
Melee: Dagger            |     3 |       ||     3
 Cast: Magic Dart        |    80 |    35 ||   115
       Iskenderun's Myst |       |     1 ||     1
  Eat: Pizza             |       |     2 ||     2
       Chunk             |       |     1 ||     1
